 Dungeon Crawl Stone Soup version 0.28-a0-1152-g9c71ebef14 (webtiles) character file.

Game seed: 903647056423143103

0 spaghetti the Sneak (level 1, -5/18 HPs)
             Began as a Mummy Delver on Dec 14, 2021.
             Slain by a necrophage (7 damage)
             ... on level 2 of the Dungeon.
             The game lasted 00:01:38 (511 turns).

spaghetti the Sneak (Mummy Delver)                   Turns: 511, Time: 00:01:39

Health: -5/18      AC:  3    Str: 15    XL:     1   Next: 0%
Magic:  1/1        EV: 11    Int:  9    God:
Gold:   11         SH:  0    Dex: 13    Spells: 0/0 levels left

rFire   x . .      SeeInvis .   a - +0 falchion {long}
rCold   + . .      Faith    .   (no shield)
rNeg    + + +      Spirit   .   b - +0 leather armour
rPois   ∞          Reflect  .   (no helmet)
rElec   .          Harm     .   (no cloak)
rCorr   .          Rampage  .   (no gloves)
Will    .....                   (no boots)
Stlth   ++........              (no amulet)
HPRegen 0.06/turn               (no ring)
MPRegen 0.07/turn               (no ring)

@: no status effects
A: cold resistance 1, negative energy resistance 3, torment resistance 2, heat
vulnerability 1, no potions
a: no special abilities


You were on level 2 of the Dungeon.
You visited 1 branch of the dungeon, and saw 5 of its levels.

You collected 11 gold pieces.


Innate Abilities, Weirdness & Mutations

You are immune to poison.
Your flesh is cold resistant. (rC+)
You are immune to negative energy. (rN+++)
You are immune to unholy pain and torment.
You are vulnerable to heat. (rF-)
You do not drink.


   Skills:
 + Level 3.0 Fighting
 + Level 1.5 Long Blades
 + Level 1.5 Dodging
 + Level 4.1 Stealth


You couldn't memorise any spells.
You didn't know any spells.
Your spell library was empty.

Inventory:

Hand Weapons
 a - a +0 falchion (weapon) {long}
Missiles
 g - 30 arrows
Armour
 b - a +0 leather armour (worn)
Wands
 f - a wand of digging (3)
Scrolls
 c - a scroll of fog

Dungeon Overview and Level Annotations

Branches:
Dungeon (6/15)
 Temple: D:4-7

Altars:
Wu Jian

Annotations:
D:5 Edmund

#
#.#.#########
#....>......#
##.######.#n#
#.#@# #####


You could see a necrophage.


Message History

Unknown command.
You start resting.
You hear the slow rusting of a drain nearby.
You hear the slow rusting of a drain nearby.
You hear the slow rusting of a drain nearby.
You hear the slow rusting of a drain nearby.
You hear the rusting of a drain nearby. 😎 HP[+13]
Your hp is fully restored (18).
Unknown command.
You start waiting.
You hear the rusting of a drain nearby.
You hear the brisk rusting of a drain nearby.
Done waiting.
Unknown command.
An orc comes into view. It is wielding a +0 flail.
The helpless orc fails to defend itself.
You hit the orc but do no damage.
The orc hits you with a +0 flail! 😮 HP[-7]
You take 7 damage, and now have 11/18 hp.
MASSIVE DAMAGE!! (PAUSE) Unknown command.
Okay, then.
You can't drink.
You hit the orc. The orc hits you with a +0 flail.
* * * LOW HITPOINT WARNING * * *
😨 HP[-6]
You take 6 damage, and now have 5/18 hp.
MASSIVE DAMAGE!! (PAUSE) Unknown command.
Unknown command.
The orc hits you but does no damage.
Found an escape hatch in the floor.
Okay, then.
You can't drink.
Okay, then. 😨 HP[+1]
You hear the brisk rusting of a very distant drain.
Edmund shouts!
Unknown command.
Unknown command.
Unknown command.
Unknown command.
Unknown command.
There is a stone staircase leading down here. 😨 HP[+1] Edmund gestures with his flail. 😨 HP[+1]
There is a stone staircase leading up here.
You climb upwards.
The jackal barely misses you. The necrophage hits you.
* * * LOW HITPOINT WARNING * * *
The jackal bites you but does no damage.
The necrophage closely misses you. The jackal misses you.
There is a stone staircase leading down here. 😨 HP[-1]
You take 1 damage, and now have 7/18 hp.
Unknown command.
Unknown command.
As you read the scroll of fear, it crumbles to dust.
You assume a fearsome visage.
The frilled lizard looks frightened!
The jackal looks frightened! x2
The necrophage is unaffected.
The necrophage closely misses you.
Unknown command.
Unknown command.
There is a stone staircase leading up here.
The necrophage barely misses you.
You climb upwards.
There is a stone staircase leading down here.
Unknown command.
Unknown command.
Unknown command.
Found a stone staircase leading up.
There is a stone staircase leading up here. 😨 HP[+1]
The necrophage barely misses you.
You climb upwards.
There is a stone staircase leading down here.
Unknown command.
Unknown command.
Unknown command.
You hit the necrophage. The necrophage barely misses you.
You can't drink.
Okay, then.
You hit the necrophage but do no damage.
The necrophage hits you.
* * * LOW HITPOINT WARNING * * *
😱 HP[-6]
You take 6 damage, and now have 2/18 hp.
MASSIVE DAMAGE!! (PAUSE) Unknown command.
Unknown command.
Okay, then.
You can't drink.
Okay, then.
You hit the necrophage. The necrophage closely misses you.
Unknown command.
Okay, then.
You barely miss the necrophage. The necrophage hits you!
You die...

Action                   || total
-------------------------++-------
Melee: Falchion          ||     8
  Use: Scroll            ||     2
 Stab: Sleeping          ||     1
Armor: Leather armour    ||     2
Dodge: Dodged            ||     9

Levels and vault maps discovered:
D:2:      layout_basic, uniq_sigmund
D:3:      layout_loops_cross, grunt_temple_overflow_magic_moments,
          tso_metal_star, nicolae_elyvilon_temple_path, serial_shops,
          shop_scrolls, minmay_misc_feat_room
D:4:      layout_rooms, serial_shops, shop, minmay_lizard_king
D:5:      layout_basic, lightli_sewer_entry_pipes, uniq_ijyb, uniq_menkaure,
          uniq_edmund
D:6:      layout_basic, amcnicky_altar_gilded

Notes
Turn   | Place    | Note
-------+----------+-------------------------------------------
     0 | D:5      | spaghetti the Mummy Delver began the quest for the Orb.
     0 | D:5      | Reached XP level 1. HP: 18/18 MP: 1/1
     0 | D:5      | magus.rc [v1.9.6]
     1 | D:6      | Found an ornate altar of the Wu Jian Council.
    43 | D:5      | Noticed Edmund
    46 | D:5      | Noticed a necrophage
    93 | D:4      | HP: 4/18 [necrophage (2)]
   508 | D:2      | HP: 2/18 [necrophage (6)]
   511 | D:2      | Slain by a necrophage

Vanquished Creatures (others)
  6 plants (D:4)
6 creatures vanquished.

Table legend:
 A = Non-vault XP
 B = Vault XP
 C = Vault XP percentage of total XP
 D = Non-vault monster count
 E = Vault monster count
 F = Vault count percentage of total count
                 A         B        C        D         E       F
            +---------+---------+-------+---------+---------+-------
      Total |       0 |       0 |   N/A |       0 |       0 |  -nan
            +---------+---------+-------+---------+---------+-------
            +---------+---------+-------+---------+---------+-------

Illustrated notes

Table legend: (Time is in decaauts)
 A = Elapsed time spent in this place.
 B = Non-inter-level travel time spent in this place.
 C = Inter-level travel time spent in this place.
 D = Time resting spent in this place.
 E = Time spent auto-exploring this place.
 F = Levels seen in this place.
 G = Mean time per level.
                   A        B        C        D        E       F      G
               +--------+--------+--------+--------+--------+-----+--------+
         Total |    512 |    512 |      0 |    315 |     47 |   5 |  102.4 |
       Dungeon |    512 |    512 |      0 |    315 |     47 |   5 |  102.4 |
               +--------+--------+--------+--------+--------+-----+--------+

Top non-repeatable levels by time:
     D:5: 439 daAuts
     D:6: 37 daAuts
     D:4: 17 daAuts
     D:2: 11 daAuts
     D:3: 6 daAuts
